 Dungeon Crawl Stone Soup version 0.30.0-15-g856e2d3f33 (webtiles) character file.

Game seed: 11282105540990231844

781 ProzacElf the Twirler (level 7, -2/72 HPs)
             Began as a Demonspawn Wanderer on May 18, 2023.
             Was an Initiate of Nemelex Xobeh.
             Slain by an iguana (10 damage)
             ... on level 6 of the Dungeon on May 19, 2023.
             The game lasted 00:14:16 (5339 turns).

ProzacElf the Twirler (Demonspawn Wanderer)         Turns: 5339, Time: 00:14:17

Health: -2/72      AC: 23    Str: 12    XL:     7   Next: 55%
Magic:  17/17      EV:  2    Int: 17    God:    Nemelex Xobeh [......]
Gold:   360        SH:  5    Dex: 13    Spells: 7/8 levels left

rFire   . . .        b - +0 great sword
rCold   . . .        (shield currently unavailable)
rNeg    . . .        d - melded +0 ring mail
rPois   +            o - melded +1 helmet
rElec   .            n - melded scarf {repulsion}
rCorr   +            (gloves currently unavailable)
SInv    .            (boots currently unavailable)
Will    .....        G - amulet of reflection
Stlth   +++          q - ring of resist corrosion
HPRegen 0.32/turn    H - ring of magical power
MPRegen 0.30/turn

%: reflection
@: tree-form (expiring)
A: stationary, stasis, torment immunity, boosted hp, (hooves 2), magic
regeneration, big brain 1
a: Renounce Religion, Draw Escape, Draw Destruction, Draw Summoning


You were on level 6 of the Dungeon.
You worshipped Nemelex Xobeh.
Nemelex Xobeh was noncommittal.
You were a tree.
You visited 2 branches of the dungeon, and saw 7 of its levels.

You collected 360 gold pieces.

Inventory:

Hand Weapons
 a - a +1 quarterstaff
 b - a +0 great sword (weapon)
 s - a +0 trident
Missiles
 t - 2 javelins (quivered)
 D - 6 poisoned darts
Armour
 c - a +0 robe
 d - a +0 ring mail (melded)
 n - a scarf of repulsion (melded)
 o - a +1 helmet (melded)
 p - a +0 leather armour
Jewellery
 e - an amulet of magic regeneration
 q - a ring of resist corrosion (left branch)
 y - a ring of ice
 G - an amulet of reflection (around neck)
 H - a ring of magical power (right branch)
Wands
 h - a wand of roots (4)
 j - a wand of charming (5)
Scrolls
 g - 4 scrolls of magic mapping
 i - a scroll of torment
 l - a scroll of brand weapon
 m - a scroll of blinking {unknown}
 r - a scroll of enchant weapon {unknown}
 u - a scroll of silence {unknown}
 x - a scroll of fog
 B - a scroll of enchant armour {unknown}
 C - a scroll of amnesia {unknown}
 E - 2 scrolls of poison
 F - a scroll of identify
Potions
 f - 7 potions of curing
 k - 3 potions of brilliance
 v - a potion of cancellation
 z - a potion of might
 A - a potion of magic


   Skills:
 - Level 1.0 Fighting
 + Level 0.3 Long Blades
 + Level 5.7 Staves
 - Level 1.0 Armour
 + Level 2.6 Dodging
 - Level 5.0 Stealth
 - Level 1.0 Spellcasting
 - Level 3.0 Hexes
 - Level 1.0 Evocations


You had 7 spell levels left.
You knew the following spells:

 Your Spells              Type           Power      Damage    Failure   Level
v - Slow                  Hex            44%        N/A       6%          1

Your spell library contained the following spells:

 Spells                   Type           Power      Damage    Failure   Level
 Ensorcelled Hibernation  Hex/Ice        10%        N/A       17%         2
 Tukima's Dance           Hex            11%        N/A       19%         3
 Passwall                 Tmut/Erth      0%         N/A       32%         2
 Cause Fear               Hex            5%         N/A       52%         4
 Swiftness                Air            0%         N/A       54%         3


Dungeon Overview and Level Annotations

Branches:
Dungeon (6/15)             Temple (1/1) D:4

Altars:
Ashenzari
Cheibriados
Dithmenos
Fedhas
Gozag
Kikubaaqudgha
Makhleb
Nemelex Xobeh
Okawaru
Ru
Sif Muna
Uskayaw
Vehumet
Yredelemnul


Innate Abilities, Weirdness & Mutations

You are a tree.
Your roots penetrate the ground, keeping you stationary.
You cannot be teleported.
You are immune to unholy pain and torment.
Your maximum health is greatly increased.
Your equipment is partially melded.
((You have hoof-like feet.))
You regenerate magic rapidly.
You have an unusually large brain. (Int +2)


Message History

Tha iguana be severely wounded.
Tha iguana bites ye.
Ye take 5 damage, an' haf 27/72 hp.
Ye closely miss tha iguana.
Tha iguana be severely wounded.
Tha iguana bites ye!
* * * LOW HITPOINT WARNIN'
* * * Tha iguana bites ye but does nay damage.
Ye take 8 damage, an' haf 19/72 hp.
Ye hit tha iguana but do nay damage.
Tha iguana be severely wounded.
Tha iguana bites ye but does nay damage.
Tha iguana bites ye!
* * * LOW HITPOINT WARNIN'
* * * Ye take 8 damage, an' haf 11/72 hp.
Ye hit tha iguana.
Ye kill tha iguana!
Ye hit tha iguana but do nay damage.
Tha iguana bites ye.
* * * LOW HITPOINT WARNIN'
* * * Tha iguana bites ye but does nay damage.
Ye take 2 damage, an' haf 10/72 hp.
Ye slash tha iguana!
Tha iguana be severely wounded.
Tha iguana bites ye.
* * * LOW HITPOINT WARNIN'
* * * Ye block tha iguana's attack.
Ye take 3 damage, an' haf 7/72 hp.
Ye barely miss tha iguana.
Tha iguana be severely wounded.
Yer transformation be almost o'er.
Tha iguana bites ye but does nay damage.
Ye barely miss tha iguana.
Tha iguana be severely wounded.
Tha iguana bites ye but does nay damage.
Ye block tha iguana's attack.
Ye hit tha iguana but do nay damage.
Tha iguana be severely wounded.
Tha iguana barely misses ye.
Tha iguana bites ye!
Ye die...
Yer body disappears without a glow.

##..###..##....####.####.#
##..###..##.............
#........#...........#
#.....<>.#...........#
#.....>..#.......[...#
#........#.....<.....#
#........#.(.........#
##...###.##.##l###...#
#...######.##♣#######
#....#..........#
#....#..........#
#....#..........#
#######..#####..#
#..######## #.......#
#.......# #......##


You could see an iguana.

Vanquished Creatures
  An ogre (D:4)
  A phantom (D:5)
  2 water moccasin zombies (D:5)
  A scorpion (D:5)
  A wyvern zombie (D:5)
  2 vampire bats (D:3)
  A hound (D:6)
  4 iguanas
  Ijyb (D:3)
  A hound zombie (D:5)
  4 gnolls (D:4)
  An adder (D:2)
  A shadow imp (D:6)
  A white imp (D:6)
  An ufetubus (D:6)
  An adder zombie (D:5)
  A dart slug (D:4)
  An orc (D:5)
  4 bat skeletons (D:3)
  2 bat zombies (D:3)
  5 endoplasms
  2 giant cockroaches
  5 goblins
  8 hobgoblins
  7 jackals
  4 kobolds
  3 quokkas
  4 ball pythons
  6 bats
  4 frilled lizards (D:1)
  4 rats
84 creatures vanquished.

Notes
Turn   | Place    | Note
-------+----------+-------------------------------------------
     0 | D:1      | ProzacElf the Demonspawn Wanderer began the quest for the
                  | Orb.
     0 | D:1      | ProzacElf set off with the following items: a +1
                  | quarterstaff, a potion of heal wounds, a +0 robe; and the
                  | following spell memorised: Slow; and the following spells
                  | available to memorise: Tukima's Dance, Cause Fear.
     0 | D:1      | Reached XP level 1. HP: 15/15 MP: 2/2
   180 | D:1      | Reached skill level 1 in Stealth
   181 | D:1      | Gained mutation: You have an unusually large brain. (Int
                  | +2) [demonic ancestry]
   181 | D:1      | Reached XP level 2. HP: 14/21 MP: 3/3
   925 | D:2      | Found a faded altar of an unknown god.
  1114 | D:2      | Gained mutation: You regenerate magic rapidly. [demonic
                  | ancestry]
  1114 | D:2      | Reached XP level 3. HP: 26/26 MP: 4/4
  1654 | D:3      | Noticed Ijyb
  1670 | D:3      | Killed Ijyb
  1671 | D:3      | Gained mutation: You have large cloven feet. [demonic
                  | ancestry]
  1671 | D:3      | Reached XP level 4. HP: 26/32 MP: 5/5
  2061 | D:3      | Found an ancient bone altar of Kikubaaqudgha.
  2073 | D:3      | Gained mutation: You have hoof-like feet. [demonic
                  | ancestry]
  2073 | D:3      | Reached XP level 5. HP: 32/37 MP: 6/6
  2125 | D:3      | Found a blossoming altar of Fedhas.
  2574 | D:4      | Found a hide-covered altar of Uskayaw.
  2709 | D:4      | Found a shadowy altar of Dithmenos.
  3027 | D:4      | Noticed an ogre
  3042 | D:4      | Killed an ogre
  3043 | D:4      | Reached XP level 6. HP: 43/43 MP: 7/7
  3066 | D:4      | Found a staircase to the Ecumenical Temple.
  3076 | Temple   | Entered the Ecumenical Temple
  3757 | D:5      | Entered Level 5 of the Dungeon
  4102 | D:5      | Reached skill level 5 in Staves
  4124 | D:5      | Noticed a two-headed ogre
  4126 | D:5      | HP: 2/43 [two-headed ogre/+0 giant club (8)]
  4341 | D:5      | Reached skill level 5 in Stealth
  4341 | D:5      | Reached XP level 7. HP: 32/48 MP: 8/8
  4517 | D:5      | Found a basalt altar of Yredelemnul.
  4854 | D:5      | Found a sparkling altar of Nemelex Xobeh.
  4858 | D:5      | Became a worshipper of Nemelex Xobeh the Trickster
  5315 | D:6      | Found a broken altar of Ashenzari.
  5339 | D:6      | Slain by an iguana

Illustrated notes

Levels and vault maps discovered:
D:1:      dpeg_arrival_signposts, layout_loops_cross, serial_park_tiny_2
D:2:      layout_basic, nicolae_ecumenical_pavilion
D:3:      mumra_celtic_spiral_tile, layout_basic, fedhas_ov_isle_minmay,
          kennysheep_vampire_church, uniq_ijyb
D:4:      layout_loops_corners, mainiacjoe_overflow_surrounded_room,
          kennysheep_mini, minmay_temple_entry_junction
D:5:      layout_loops_ring, nemelex_diamond_rough_becter,
          nicolae_yredelemnul_corpse_copse, nicolae_overflow_hidden_temple
D:6:      layout_gridville, mainiacjoe_overflow_alcove_2, lemuel_tele_altar
Temple:   hellmonk_temple_flake

Skill      XL: |  1  2  3  4  5  6  7 |
---------------+----------------------+-----
Staves         | 2 3 4 5 |  5.7
Stealth        | 1 2 3 4 5 |  5.0
Dodging        | 2 |  2.6
Fighting       | |  1.0
Long Blades    | |  0.3
Armour         | |  1.0
Spellcasting   | |  1.0
Hexes          | |  3.0
Evocations     | |  1.0

Action                     |  1- 3 |  4- 6 |  7- 9 || total
---------------------------+-------+-------+-------++-------
  Melee: Quarterstaff      |   117 |   120 |    53 ||   290
         Kick              |       |    39 |    18 ||    57
         Great sword       |       |       |    20 ||    20
  Throw: Javelin           |     2 |       |       ||     2
   Cast: Slow              |     8 |    11 |     6 ||    25
    Use: Potion            |     4 |       |     1 ||     5
         Scroll            |       |    11 |     2 ||    13
   Stab: Sleeping          |     3 |     2 |     2 ||     7
         Distracted        |       |     2 |       ||     2
 Armour: Robe              |    26 |       |       ||    26
         Leather armour    |       |    29 |       ||    29
         Ring mail         |       |    17 |    27 ||    44
         Skin              |       |       |     5 ||     5
  Dodge: Dodged            |    68 |    81 |    31 ||   180
         Repelled          |       |       |     3 ||     3
  Block: Other             |       |       |    16 ||    16

Action                     |  1- 3 |  4- 6 |  7- 9 || total
---------------------------+-------+-------+-------++-------
  Melee: Quarterstaff      |   117 |   120 |    53 ||   290
         Kick              |       |    39 |    18 ||    57
         Great sword       |       |       |    20 ||    20
  Throw: Javelin           |     2 |       |       ||     2
   Cast: Slow              |     8 |    11 |     6 ||    25
    Use: Potion            |     4 |       |     1 ||     5
         Scroll            |       |    11 |     2 ||    13
   Stab: Sleeping          |     3 |     2 |     2 ||     7
         Distracted        |       |     2 |       ||     2
 Armour: Robe              |    26 |       |       ||    26
         Leather armour    |       |    29 |       ||    29
         Ring mail         |       |    17 |    27 ||    44
         Skin              |       |       |     5 ||     5
  Dodge: Dodged            |    68 |    81 |    31 ||   180
         Repelled          |       |       |     3 ||     3
  Block: Other             |       |       |    16 ||    16

Levels and vault maps discovered:
D:1:      dpeg_arrival_signposts, layout_loops_cross, serial_park_tiny_2
D:2:      layout_basic, nicolae_ecumenical_pavilion
D:3:      mumra_celtic_spiral_tile, layout_basic, fedhas_ov_isle_minmay,
          kennysheep_vampire_church, uniq_ijyb
D:4:      layout_loops_corners, mainiacjoe_overflow_surrounded_room,
          kennysheep_mini, minmay_temple_entry_junction
D:5:      layout_loops_ring, nemelex_diamond_rough_becter,
          nicolae_yredelemnul_corpse_copse, nicolae_overflow_hidden_temple
D:6:      layout_gridville, mainiacjoe_overflow_alcove_2, lemuel_tele_altar
Temple:   hellmonk_temple_flake
